 Dungeon Crawl Stone Soup version 0.16-a0-1301-gf74d490 (console) character file.

75 Orcus the Ogre Mage (level 4, -1/41 HPs)
             Began as an Ogre Fire Elementalist on Oct 15, 2014.
             Slain by an ogre
             ... wielding a +0 giant spiked club
              (22 damage)
             ... on level 3 of the Dungeon.
             The game lasted 00:08:29 (1229 turns).

Orcus the Ogre Mage (Ogre Fire Elementalist)        Turns: 1229, Time: 00:08:30

Health: -1/41      AC:  3    Str: 14    XL:     4   Next: 31%
Magic:  0/9        EV: 15    Int: 14    God:
Gold:   200        SH:  0    Dex: 15    Spells: 2 memorised, 5 levels left

rFire  . . .     SeeInvis .     g - +1 club
rCold  . . .     Clarity  .     a - +0 robe
rNeg   . . .     SustAb   .     (shield restricted)
rPois  +         Gourm    .     (helmet restricted)
rElec  .         Spirit   .     (no cloak)
rCorr  .         Warding  .     (gloves unavailable)
rMut   .         Stasis   .     (boots unavailable)
MR     .....                    (no amulet)
Stlth  +++.......               (no ring)
                                r - ring of poison resistance

@: agile, not resistant to hostile enchantments, fairly stealthy
A: unfitting armour, tough skin 1
a: no special abilities


You were on level 3 of the Dungeon.
You were hungry.

You visited 1 branch of the dungeon, and saw 3 of its levels.

You collected 200 gold pieces.

Inventory:

Hand weapons
 g - a +1 club (weapon)
Missiles
 l - a tomahawk (quivered)
Armour
 a - a +0 robe (worn)
Jewellery
 k - an uncursed ring of teleportation
 r - a ring of poison resistance (left hand)
 t - an uncursed ring of loudness
Magical devices
 o - a wand of magic darts (40)
Scrolls
 f - a scroll of recharging
 m - a scroll of random uselessness {unknown}
 n - a scroll of amnesia {unknown}
 q - a scroll of teleportation {unknown}
Potions
 e - 2 potions of curing {unknown}
 h - 3 potions of might
 i - a potion of lignification {unknown}
 s - a potion of cancellation {unknown}
Books
 b - a book of Flames

   Spells                             Type                      Level
   *Flame Tongue                      Conjuration/Fire             1
   Throw Flame                        Conjuration/Fire             2
   *Conjure Flame                     Conjuration/Fire             3
   Inner Flame                        Hexes/Fire                   3
   Sticky Flame                       Conjuration/Fire             4
   Fireball                           Conjuration/Fire             5
Comestibles
 c - a meat ration
 j - a rotting chunk of giant newt flesh


   Skills:
 + Level 1.3 Fighting
 + Level 2.0 Dodging
 + Level 1.8 Stealth
 + Level 3.0 Spellcasting
 * Level 1.5 Conjurations
 * Level 2.7 Fire Magic


You had 5 spell levels left.
You knew the following spells:

 Your Spells              Type           Power        Failure   Level  Hunger
a - Flame Tongue          Conj/Fire      #....        12%         1    #......
b - Conjure Flame         Conj/Fire      #.......     30%         3    ###....


Dungeon Overview and Level Annotations

Branches:
Dungeon (3/15)

Altars:
Kikubaaqudgha
Trog

Annotations:
D:3 Sigmund


Innate Abilities, Weirdness & Mutations

You are too large for most types of armour.
You have tough skin (AC +1).


Message History

The ogre is heavily wounded.
The ogre misses you.
Casting: Flame Tongue
Confirm with . or Enter, or press ? or * to list all spells.
Aiming: Flame Tongue
Press: ? - help, Shift-Dir - straight line, f/p - ogre
Aim: an ogre, wielding a giant spiked club (heavily wounded)
The flame tongue hits the ogre.
The ogre is severely wounded.
There is an escape hatch in the floor here.
Casting: Flame Tongue
Confirm with . or Enter, or press ? or * to list all spells.
Aiming: Flame Tongue
Press: ? - help, Shift-Dir - straight line, f/p - ogre
Aim: an ogre, wielding a giant spiked club (severely wounded)
The flame tongue hits the ogre.
The ogre is severely wounded.
The ogre hits you with a giant spiked club!!
Ouch! That really hurt!
You die...

#..######(#
##.#.# #..#
#.# ###.#
#..# #.#
#.# #..#
#.# #.#
#..# #.#
#.# #..#
#.# #.#
#.O# #.#
#.#
#>###..#
#.#######.#
...(...#
#..O@.....#
#.###.##
###########
..# ###


You could see an ogre.

Vanquished Creatures
  A gnoll (D:3)
  4 worms (D:2)
  3 giant geckos
  3 giant cockroaches
  7 hobgoblins
  A ball python (D:1)
  5 bats
  4 giant newts
  7 goblins
  2 kobolds
  5 rats (D:1)
42 creatures vanquished.

Notes
Turn   | Place    | Note
--------------------------------------------------------------
     0 | D:1      | Orcus, the Ogre Fire Elementalist, began the quest for the Orb.
     0 | D:1      | Reached XP level 1. HP: 16/16 MP: 3/3
     0 | D:1      | you are doomed
    92 | D:1      | Reached XP level 2. HP: 14/26 MP: 0/5
   262 | D:1      | Reached skill level 1 in Fighting
   299 | D:1      | Reached skill level 1 in Conjurations
   449 | D:2      | Found an ancient bone altar of Kikubaaqudgha.
   449 | D:2      | Found a bloodstained altar of Trog.
   518 | D:2      | Reached XP level 3. HP: 33/33 MP: 0/6
   705 | D:2      | Learned a level 3 spell: Conjure Flame
   958 | D:2      | Reached XP level 4. HP: 41/41 MP: 2/8
  1021 | D:3      | Noticed Sigmund
  1191 | D:3      | Noticed an ogre
  1211 | D:3      | Reached skill level 3 in Spellcasting
  1229 | D:3      | Slain by an ogre

Action                   |  1- 3 |  4- 6 || total
-------------------------+-------+-------++-------
Melee: Unarmed           |    29 |       ||    29
       Club              |    24 |    12 ||    36
Throw: Tomahawk          |     4 |     2 ||     6
 Cast: Flame Tongue      |    58 |    20 ||    78
  Use: Scroll            |     6 |     2 ||     8
       Potion            |       |     1 ||     1
  Eat: Chunk             |     1 |       ||     1
